 Dungeon Crawl Stone Soup version 0.23-a0-143-g1adec7bb76 (webtiles) character file.

322 MirrMurr the Poker (level 6, -1/64 HPs)
             Began as an Octopode Berserker on Sept 1, 2018.
             Was a Priest of Trog.
             Slain by a sky beast (5 damage)
             ... on level 5 of the Dungeon.
             The game lasted 00:09:45 (3378 turns).

MirrMurr the Poker (Octopode Berserker)             Turns: 3378, Time: 00:09:45

Health: -1/64      AC:  1    Str: 21    XL:     6   Next: 47%
Magic:  6/6        EV: 15    Int: 10    God:    Trog [***...]
Gold:   248        SH:  0    Dex: 13    Spells: 5/5 levels left

rFire    . . .     SeeInvis .   a - +0 trident
rCold    . . .     Gourm    .   (no shield)
rNeg     . . .     Faith    .   (helmet restricted)
rPois    .         Spirit   .   (no amulet)
rElec    .         Reflect  .   (no ring)
rCorr    .         Harm     .   (no ring)
MR       .....                  (no ring)
Stlth    ..........             (no ring)
HPRegen  0.20/turn              (no ring)
MPRegen  0.10/turn              (no ring)
                                (no ring)
                                (no ring)

@: berserking, starving, very quick
A: almost no armour, stealthy swim, amphibious, 8 rings, constrict 8, camouflage
1, gelatinous body 1
a: Berserk, Trog's Hand, Renounce Religion


You were on level 5 of the Dungeon.
You worshipped Trog.
Trog was most pleased with you.
You were starving.

You visited 1 branch of the dungeon, and saw 5 of its levels.

You collected 248 gold pieces.

Inventory:

Hand Weapons
 a - a +0 trident (weapon)
 b - a +0 hunting sling
Missiles
 f - 123 stones (quivered)
 h - 76 sling bullets
Scrolls
 m - a scroll of teleportation
 r - 2 scrolls of remove curse
Potions
 d - a potion of magic
 e - a potion of brilliance
 i - 3 potions of invisibility
Comestibles
 g - 8 rations


   Skills:
 + Level 4.1 Fighting
 * Level 5.0 Polearms
 + Level 4.1 Dodging
 + Level 3.7 Stealth


You had 5 spell levels left.
You didn't know any spells.
Your spell library was empty.

Dungeon Overview and Level Annotations

Branches:
Dungeon (5/15)
 Temple: D:4-7

Altars:
Nemelex Xobeh
Ru
Zin
The Shining One

Annotations:
D:5 1 runed door, Drachen's ghost, novice OpGl


Innate Abilities, Weirdness & Mutations

You cannot wear most types of armour.
You are very stealthy in the water. (Stealth+)
You are amphibious.
You can wear up to eight rings at the same time.
You can use your tentacles to constrict eight enemies at once.
Your skin changes colour to match your surroundings (Stealth+).
Your rubbery body absorbs attacks. (AC +1, EV +1)


Message History

Deactivating autopickup; reactivate with Ctrl-A.
The shadow imp gestures at you. Pain shoots through your body!
* * * LOW HITPOINT WARNING * * *
A red film seems to cover your vision as you go berserk!
You feel yourself moving faster!
You feel mighty!
You are starving!
Something hits you.
* * * LOW HITPOINT WARNING * * *
Something shocks you.
* * * LOW HITPOINT WARNING * * *
You barely miss something. Something barely misses you.
You hit something. Something hits you but does no damage.
You barely miss something. Your squeeze misses something. You miss something.
Your squeeze misses something. Something hits you but does no damage.
You puncture something! Something hits you.
* * * LOW HITPOINT WARNING * * *
Something shocks you.
You die...

#### #..
########### #.#
..#.......######.##
..................+
..
#.#...........##5##
......#+
#.#.......#...##{#
.......
..#.#'####<5..##@#
#......
..#........#+#...#
.###......
...........#.#.....
........#.
#.#..........#...##
........#.
...(.........#.....
........#.
(....(.......#.....
.......<#.
.............#....
.######.#.
###......#######...
..........
................
.#....#...


You could see a shadow imp.

Vanquished Creatures
  An ogre (D:5)
  An orc priest (D:3)
  2 worker ants (D:3)
  A worker ant zombie (D:5)
  6 adders
  A shadow imp (D:4)
  2 oozes (D:2)
  An adder skeleton (D:5)
  A worm (D:2)
  4 leopard geckos
  7 orcs
  2 giant cockroaches (D:3)
  6 goblins
  11 hobgoblins
  A quokka (D:2)
  4 ball pythons
  2 bats
  5 frilled lizards
  9 kobolds
  7 rats
74 creatures vanquished.

Notes
Turn   | Place    | Note
-------+----------+-------------------------------------------
     0 | D:1      | MirrMurr the Octopode Berserker began the quest for the
                  | Orb.
     0 | D:1      | Reached XP level 1. HP: 16/16 MP: 1/1
   150 | D:1      | Reached XP level 2. HP: 21/21 MP: 2/2
   156 | D:1      | Reached skill level 1 in Stealth
   581 | D:1      | Reached XP level 3. HP: 21/26 MP: 3/3
   714 | D:2      | Reached ** piety under Trog
   923 | D:2      | Reached XP level 4. HP: 24/31 MP: 4/4
  1618 | D:2      | Reached skill level 4 in Polearms
  2238 | D:3      | Reached XP level 5. HP: 35/37 MP: 5/5
  2669 | D:3      | Reached *** piety under Trog
  2960 | D:4      | Found a sacrificial altar of Ru.
  3020 | D:4      | Reached XP level 6. HP: 43/43 MP: 6/6
  3109 | D:4      | Found a glowing golden altar of the Shining One.
  3109 | D:4      | Found a sparkling altar of Nemelex Xobeh.
  3116 | D:4      | Found a glowing silver altar of Zin.
  3170 | D:5      | Entered Level 5 of the Dungeon
  3233 | D:5      | Noticed Drachen's ghost (novice OpGl)
  3236 | D:5      | Found a runed door.
  3253 | D:5      | Reached skill level 5 in Polearms
  3298 | D:5      | Noticed a sky beast
  3378 | D:5      | Slain by a sky beast

Vault maps used:
D:1:      nicolae_arrival_memento_mori, glass_columns_a
D:3:      first_ration
D:4:      nicolae_ru_the_path_less_chosen, minitemple
D:5:      kennysheep_six_static_rooms, hellmonk_ghost_happy_afterlife,
          uniq_blork_the_orc

Skill      XL: |  1  2  3  4  5  6 |
---------------+-------------------+-----
Stealth        | 1 2 3 |  3.7
Polearms       | 4 5 |  5.0
Fighting       | 4 |  4.1
Dodging        | 4 |  4.1

Action                   |  1- 3 |  4- 6 || total
-------------------------+-------+-------++-------
Melee: Spear             |    52 |    16 ||    68
       Constrict         |     9 |    10 ||    19
       Tentacles         |     4 |     9 ||    13
       Trident           |       |    36 ||    36
 Fire: Hunting sling     |    40 |   102 ||   142
Invok: Berserk           |       |     3 ||     3
  Use: Scroll            |     3 |     9 ||    12
 Stab: Sleeping          |     4 |     1 ||     5
  Eat: Chunk             |       |     8 ||     8
Armor: Skin              |     3 |     4 ||     7
Dodge: Dodged            |    19 |    64 ||    83

Table legend:
 A = Non-vault XP
 B = Vault XP
 C = Vault XP percentage of total XP
 D = Non-vault monster count
 E = Vault monster count
 F = Vault count percentage of total count
                 A         B        C        D         E       F
            +---------+---------+-------+---------+---------+-------
      Total |     461 |       0 |   0.0 |      74 |       0 |   0.0
            +---------+---------+-------+---------+---------+-------
        D:1 |      34 |       0 |   0.0 |      23 |       0 |   0.0
        D:2 |      86 |       0 |   0.0 |      23 |       0 |   0.0
        D:3 |     174 |       0 |   0.0 |      22 |       0 |   0.0
        D:4 |      27 |       0 |   0.0 |       3 |       0 |   0.0
        D:5 |     140 |       0 |   0.0 |       3 |       0 |   0.0
            +---------+---------+-------+---------+---------+-------
